 Dungeon Crawl Stone Soup version 0.18-a0-775-g4d9e04e (webtiles) character file.

54 4thArraOfDagon the Grave Robber (level 3, -3/15 HPs)
             Began as a Felid Necromancer on Dec 13, 2015.
             Slain by a hound (5 damage)
             ... on level 5 of the Dungeon.
             The game lasted 00:03:42 (792 turns).

4thArraOfDagon the Grave Robber (Felid Necromancer)  Turns: 792, Time: 00:03:42

Health: -3/15      AC:  1    Str:  4    XL:     3   Next: 66%
Magic:  0/7        EV: 18    Int: 16    God:
Gold:   96         SH:  0    Dex: 17    Spells: 2 memorised, 2 levels left
                                        Lives:  0   Deaths: 0

rFire  . . .     SeeInvis +       - Unarmed
rCold  . . .     Clarity  +     (armour unavailable)
rNeg   . . .     SustAt   .     (shield unavailable)
rPois  .         Gourm    .     (helmet unavailable)
rElec  .         Spirit   .     (cloak unavailable)
rCorr  .         Dismiss  .     (gloves unavailable)
rMut   .         Stasis   .     (boots unavailable)
MR     .....                    j - amulet of clarity
Stlth  +++.......               (no ring)
                                (no ring)

@: very slightly contaminated, regenerating, quick, not resistant to hostile
enchantments, fairly stealthy
A: no armour, no weapons or thrown items, claws 1, fangs 3, see invisible,
carnivore 3, speed 1, shaggy fur 1, slow metabolism 1, sharp paws
a: no special abilities


You were on level 5 of the Dungeon.
You were very full.

You visited 1 branch of the dungeon, and saw 5 of its levels.

You collected 96 gold pieces.

Inventory:

Jewellery
 j - an amulet of clarity (around neck)
Wands
 i - a wand of frost (26)
Scrolls
 c - a scroll of remove curse {unknown}
 e - 3 scrolls of identify {unknown}
 f - a scroll of enchant weapon {unknown}
 g - a scroll of amnesia {unknown}
 h - a scroll of immolation {unknown}
Books
 a - a book of Necromancy

   Spells                             Type                      Level
   a - Pain                           Necromancy                   1
   b - Animate Skeleton               Necromancy                   1
   c - Vampiric Draining              Necromancy                   3
   d - Regeneration                   Charms/Necromancy            3
   e - Animate Dead                   Necromancy                   4
   f - Control Undead                 Necromancy                   4
Comestibles
 b - a meat ration


   Skills:
 + Level 0.8 Fighting
 + Level 2.9 Dodging
 + Level 3.5 Stealth
 * Level 2.5 Unarmed Combat
 - Level 2.0 Spellcasting
 * Level 0.0 Charms
 - Level 4.0 Necromancy


You had 2 spell levels left.
You knew the following spells:

 Your Spells              Type           Power        Failure   Level  Hunger
a - Pain                  Necr           ##..         4%          1    #......
b - Regeneration          Chrm/Necr      #.........   28%         3    ###....


Dungeon Overview and Level Annotations

Branches:
Dungeon (5/15)
 Temple: D:4-7

Altars:
Vehumet

Annotations:
D:5 Gorice's ghost, novice OpWn


Innate Abilities, Weirdness & Mutations

You cannot wear armour.
You are incapable of wielding weapons or throwing items.
You have sharp claws.
You have razor-sharp teeth.
You have supernaturally acute eyesight.
You are carnivorous and can eat meat at any time.
You cover ground quickly.
You are covered in fur (AC +1).
You have a slow metabolism.
Your sharp claws are effective at attacking unaware monsters.


Message History

Casting: Regeneration
Confirm with . or Enter, or press ? or * to list all spells.
Your skin crawls.
The hound bites you.
* * * LOW HITPOINT WARNING * * *
The hound completely misses you.
Unknown command.
You scratch the hound.
The hound is severely wounded.
The hound misses you.
Unknown command.
You closely miss the hound.
The hound is severely wounded.
The hound closely misses you. The hound bites you.
* * * LOW HITPOINT WARNING * * *
Unknown command.
Unknown command.
You scratch the hound.
The hound is almost dead.
The hound bites you.
You die...

### ..# ... #.# #.# #+
#.# #.# ... #.# #.# ....
####.# #.# .....
####.##.### #.#
......##....>....#####.#
......h@...#............
......##)#.#.#.#.#######
..... #.#####.#.# # ....
#.# #..#.# ##### ... #.#
####.# #)... #+ #.# ##.#
#.### ### #..# # #. ####
#.##. #....


You could see a hound.

Vanquished Creatures
  A jelly (D:5)
  An adder (D:5)
  2 giant cockroaches
  2 goblins (D:1)
  A hobgoblin (D:1)
  3 kobolds (D:1)
  5 bats
  2 giant newts (D:1)
  A rat (D:1)
18 creatures vanquished.

Notes
Turn   | Place    | Note
--------------------------------------------------------------
     0 | D:1      | 4thArraOfDagon the Felid Necromancer began the quest for the Orb.
     0 | D:1      | Reached XP level 1. HP: 7/7 MP: 4/4
    78 | D:1      | Reached skill level 1 in Unarmed Combat
   147 | D:1      | Reached XP level 2. HP: 1/11 MP: 0/6
   280 | D:2      | Found a faded altar to an unknown god.
   307 | D:2      | Found a radiant altar of Vehumet.
   489 | D:5      | Entered Level 5 of the Dungeon
   600 | D:5      | Reached XP level 3. HP: 6/15 MP: 4/7
   615 | D:5      | Learned a level 3 spell: Regeneration
   638 | D:5      | Noticed Gorice's ghost (novice OpWn)
   792 | D:5      | Slain by a hound

Vault maps used:
D:1:      mrwooster_arrival_arrow, minmay_misc_feat_x, kennysheep_doodads,
          serial_park_tiny_2
D:2:      okawaru_metal_pillars_3, fiery_altar_vehumet, ecumenical_altar_1,
          uniq_terence
D:3:      nemelex_spade_bored_becter
D:4:      first_bread, nicolae_ru_sacrificial_ziggurat, uniq_sigmund
D:5:      minmay_overflow_temple_star_quad

Action                   || total
-------------------------++-------
Melee: Unarmed           ||    43
 Cast: Pain              ||    20
       Regeneration      ||     2
  Use: Potion            ||     3
 Stab: Sleeping          ||     3
  Eat: Chunk             ||     6
